 Dungeon Crawl Stone Soup version 0.16.1-11-g651b585 (webtiles) character file.

198410 Joshi the Executioner (level 17, -4/162 HPs)
             Began as a Minotaur Berserker on Mar 30, 2015.
             Was the Champion of Trog.
             Slain by an azure jelly (11 damage)
             ... on level 5 of the Pits of Slime on Mar 31, 2015.
             The game lasted 04:08:29 (37478 turns).

Joshi the Executioner (Minotaur Berserker)         Turns: 37478, Time: 04:08:31

Health: -4/162     AC: 19    Str: 23    XL:     17   Next: 81%
Magic:  2/6        EV: 11    Int:  4    God:    Trog [******]
Gold:   3512       SH:  0    Dex: 13    Spells: 0 memorised, 16 levels left

rFire  . . .     SeeInvis .     Z - +3 battleaxe of Shrieking Terror {freeze, +Blink rElec rC+ MR+ Str-3}
rCold  + + .     Clarity  .     o - +3 plate armour {rC+}
rNeg   . . .     SustAb   .     (no shield)
rPois  .         Gourm    .     y - +2 hat
rElec  +         Spirit   .     r - +1 cloak
rCorr  +         Warding  .     L - +0 pair of gloves
rMut   .         Stasis   .     I - +1 pair of boots
MR     ++++.                    O - amulet of resist corrosion
Stlth  ..........               N - ring of Disaster {Contam rElec Slay+4 Stlth-}
                                P - +2 ring of dexterity

@: exhausted, about to teleport, corroded equipment, regenerating, slowed, very
slow, incredibly resistant to hostile enchantments, extremely unstealthy
A: retaliatory headbutt, horns 2, clumsy 1
a: Burn Spellbooks, Berserk, Trog's Hand, Brothers in Arms, Renounce Religion,
Evoke Blink
}: 1/15 runes: gossamer


You were on level 5 of the Pits of Slime.
You worshipped Trog.
Trog was exalted by your worship.
You were not hungry.

You visited 5 branches of the dungeon, and saw 30 of its levels.

You collected 4386 gold pieces.
You spent 874 gold pieces at shops.

Inventory:

Hand weapons
 j - a +6 antimagic battleaxe
 B - a +7 triple crossbow of velocity
 F - a +6 executioner's axe of chopping
 Z - the +3 battleaxe of Shrieking Terror (weapon) {freeze, +Blink rElec rC+ MR+ Str-3}
   (Trog gifted it to you on level 8 of the Lair of Beasts)

   It has been specially enchanted to freeze those struck by it, causing extra
   injury to most foes and up to half again as much damage against particularly
   susceptible opponents.
   It can also slow down cold-blooded creatures.
   It affects your strength (-3).
   It protects you from cold.
   It insulates you from electricity.
   It affects your resistance to hostile enchantments.
   It lets you blink.
Missiles
 w - 21 silver bolts
 G - 18 steel bolts
 Q - 43 bolts
 R - 11 poisoned bolts
Armour
 o - a +3 plate armour of cold resistance (worn)
 r - a +1 cloak (worn)
 y - a +2 hat (worn)
 I - a +1 pair of boots (worn)
 L - a +0 pair of gloves (worn)
Jewellery
 e - an uncursed ring of flight
 J - an uncursed amulet of resist mutation
 K - an uncursed ring of sustain abilities
 N - the ring of Disaster (right hand) {Contam rElec Slay+4 Stlth-}
   (You bought it in a shop on level 10 of the Dungeon)

   [ring of loudness]

   It affects your accuracy and damage with ranged weapons and melee attacks
   (+4).
   It insulates you from electricity.
   It causes magical contamination when unequipped.
   It makes you less stealthy.
 O - an amulet of resist corrosion (around neck)
 P - a +2 ring of dexterity (left hand)
 W - an uncursed ring of sustain abilities
Magical devices
 f - a wand of slowing (24)
 i - a wand of enslavement (17)
 t - a wand of teleportation (7)
 v - a wand of confusion (45)
 U - a wand of digging (7)
 X - a wand of magic darts (36)
Scrolls
 a - 2 scrolls of fear
 d - 14 scrolls of remove curse
 k - a scroll of acquirement
 m - 4 scrolls of teleportation
 n - a scroll of blinking
 D - 5 scrolls of recharging
 V - a scroll of fog
Potions
 b - 3 potions of agility
 p - a potion of cure mutation
 q - 2 potions of berserk rage
 u - 3 potions of brilliance
 x - 2 potions of cancellation
 A - 2 potions of heal wounds
 C - a potion of haste
 E - 5 potions of restore abilities
 H - 3 potions of might
Miscellaneous
 h - a plain deck of wonders
 S - a lamp of fire
 T - a fan of gales
Comestibles
 c - 8 bread rations
 l - 9 beef jerkies
 s - 29 fruits
 z - 6 royal jellies
 M - 4 meat rations


   Skills:
 - Level 17.4 Fighting
 + Level 21.8 Axes
 - Level 16.0 Crossbows
 + Level 15.8 Armour
 * Level 8.3 Dodging


You had 16 spell levels left.
You didn't know any spells.

Dungeon Overview and Level Annotations

Branches:
Dungeon (10/15)            Temple (1/1) D:7            Lair (8/8) D:10
 Shoals (0/5) Lair:5       Spider (5/5) Lair:3        Slime (6/6) Lair:6
    Orc: D:9-12

Altars:
Ashenzari
Cheibriados
Dithmenos
Elyvilon
Fedhas
Gozag
Kikubaaqudgha
Makhleb
Nemelex Xobeh
Okawaru
Qazlal
Ru
Sif Muna
Trog
Vehumet
Xom
Yredelemnul
Zin
The Shining One
Jiyva

Shops:
D:6 *   D:10 =


Innate Abilities, Weirdness & Mutations

You reflexively headbutt those who attack you in melee.
You have a pair of horns on your head.
You are clumsy. (Dex -2)


Message History

You headbutt the azure jelly!
The azure jelly hits you but does no damage. x2
The azure jelly hits you.
* * * LOW HITPOINT WARNING * * *
The slime creature closely misses you.
Drink which item? (? for menu, Esc to quit)
You feel much better.
The azure jelly jiggles.
The azure jelly hits you but does no damage.
The azure jelly hits you.
* * * LOW HITPOINT WARNING * * *
The azure jelly freezes you! You resist.
* * * LOW HITPOINT WARNING * * *
The azure jelly hits you but does no damage. x2
The slime creature hits you!
* * * LOW HITPOINT WARNING * * *
The azure jelly hits you!
* * * LOW HITPOINT WARNING * * *
The azure jelly freezes you! You resist.
You die...

### #....## ##.### #.....### ###
# ##....###
#####...<...#####.###.
##.......###..............#.....#
#..<.......................#.....
.......<.........................
#...........#.........#..........
##...............J....###.....#.#
....#...........@......####...#.#
...............J.......## #......
.......#................# #.....#
.###....................###.....#
.........................##......
.............)..###.....##...##..
....#..>.......##.....####.... #.
...........#...........# ##... .
...............#......## ###.# .


You could see an azure jelly and a slime creature.

Vanquished Creatures
  Asterion (Spider:5)
  16 acid blobs
  8 azure jellies
  A spectral weapon (Spider:5)
  Donald (Spider:5)
  Louise (Spider:2)
  3 ghost moths (Spider:5)
  10 emperor scorpions
  Gastronok (Lair:3)
  Snorg (Lair:6)
  2 death oozes
  Harold (Lair:2)
  A great orb of eyes (Slime:4)
  6 hydras
  3 catoblepae
  12 death yaks
  Nergalle (D:10)
  Pikel (D:6)
  A hill giant (D:10)
  20 orb spiders
  A manticore (Lair:5)
  2 griffons
  26 wolf spiders
  An oklob plant (Lair:6)
  3 shining eyes
  5 hornets
  Maurice (D:10)
  25 elephants
  A moth of wrath (Spider:4)
  5 eyes of devastation
  6 black mambas
  4 torpor snails
  20 spiny frogs
  10 komodo dragons
  3 fire drakes
  13 demonic crawlers
  2 polar bears
  4 giant leeches (Lair:8)
  18 jumping spiders
  A queen bee (Spider:5)
  96 slime creatures
  3 boulder beetles
  27 blink frogs
  A spriggan (Lair:6)
  A basilisk (Lair:6)
  24 trapdoor spiders
  17 tarantellas
  A shadow (D:10)
  32 redbacks
  A wyvern (Lair:2)
  10 golden eyes
  30 yaks
  A deep elf mage (D:10)
  12 hippogriffs
  9 vampire mosquitoes (Lair:8)
  22 water moccasins
  Menkaure (D:4)
  17 porcupines
  17 wolves
  2 sky beasts
  29 spiders
  4 orc warriors
  4 slaves (D:6)
  2 ice beasts
  5 centaurs
  5 phantoms
  A wasp (Spider:4)
  A necrophage (D:7)
  2 black bears (D:10)
  5 ogres
  4 eyes of draining
  2 boring beetles
  3 big kobolds (D:8)
  Duvessa (D:5)
  11 crocodiles
  21 giant frogs
  Blork the orc (D:6)
  8 scorpions
  22 jellies
  16 killer bees
  9 wights
  10 electric eels
  A crimson imp (D:9)
  Dowan (D:5)
  3 goliath beetles
  12 hounds
  Crazy Yiuf (D:2)
  2 orc priests
  An iron imp (D:6)
  3 centaur skeletons
  A giant frog skeleton (D:9)
  Natasha (thrice) (D:6)
  15 orc wizards
  8 worker ants
  7 hell rats (Lair:6)
  8 iguanas
  A killer bee zombie (D:8)
  22 sheep
  A hound zombie (D:5)
  A hound skeleton (D:9)
  A worker ant zombie (D:8)
  10 gnolls
  35 adders
  59 river rats
  A giant mite (D:4)
  4 worms
  35 orcs
  4 ball pythons
  20 bats
  A bat skeleton (D:8)
  4 bat zombies
  6 giant cockroaches
  12 hobgoblins
  15 jackals
  13 kobolds
  5 giant geckos
  A giant gecko skeleton (D:5)
  6 giant newts
  14 goblins
  19 quokkas
  16 rats
  2 spectral orcs (D:10)
  A ballistomycete (D:9)
  2 bushes
  A butterfly (D:7)
  17 fungi
  18 plants
1145 creatures vanquished.

Vanquished Creatures (others)
  A tarantella (Spider:3)
  A porcupine (Lair:5)
  A giant spore (D:9)
  2 fungi
  14 plants
19 creatures vanquished.

Grand Total: 1164 creatures vanquished

Notes
Turn   | Place    | Note
--------------------------------------------------------------
     0 | D:1      | Joshi, the Minotaur Berserker, began the quest for the Orb.
     0 | D:1      | Reached XP level 1. HP: 19/19 MP: 1/1
   488 | D:1      | Reached skill level 4 in Fighting
   528 | D:1      | Reached XP level 2. HP: 20/27 MP: 1/1
   722 | D:1      | Acquired Trog's second power
  1368 | D:1      | Reached XP level 3. HP: 30/34 MP: 2/2
  1631 | D:2      | Noticed Crazy Yiuf
  1635 | D:2      | Killed Crazy Yiuf
  1635 | D:2      | Reached skill level 5 in Fighting
  1635 | D:2      | Reached XP level 4. HP: 42/42 MP: 2/2
  1923 | D:2      | Reached skill level 5 in Axes
  2313 | D:3      | Reached XP level 5. HP: 50/50 MP: 2/2
  2425 | D:3      | Acquired Trog's third power
  2451 | D:3      | Noticed an ogre
  2458 | D:3      | Killed an ogre
  2458 | D:3      | Reached skill level 6 in Fighting
  2617 | D:3      | Reached XP level 6. HP: 58/58 MP: 3/3
  2788 | D:4      | Reached skill level 7 in Fighting
  3074 | D:4      | Reached XP level 7. HP: 67/67 MP: 3/3
  3109 | D:4      | Noticed Menkaure
  3115 | D:4      | Killed Menkaure
  3115 | D:4      | Reached skill level 8 in Fighting
  3424 | D:5      | Entered Level 5 of the Dungeon
  3485 | D:5      | Lost intelligence.
  3563 | D:5      | Found an iron altar of Okawaru.
  3726 | D:5      | Reached skill level 9 in Fighting
  3830 | D:5      | Noticed Duvessa
  3830 | D:5      | Noticed Dowan
  3835 | D:5      | Killed Dowan
  3839 | D:5      | Killed Duvessa
  3919 | D:5      | Found an ancient bone altar of Kikubaaqudgha.
  4301 | D:5      | Reached XP level 8. HP: 22/79 MP: 3/3
  4357 | D:5      | Reached skill level 10 in Fighting
  4572 | D:6      | Noticed Natasha
  4579 | D:6      | Killed Natasha
  4629 | D:6      | Noticed Natasha
  4632 | D:6      | Killed Natasha
  4661 | D:6      | Found Qalaog's General Store.
  4689 | D:6      | Bought a potion of resistance for 120 gold pieces
  4689 | D:6      | Bought a potion of poison for 12 gold pieces
  4689 | D:6      | Bought a potion of haste for 120 gold pieces
  4727 | D:6      | Noticed Pikel
  4742 | D:6      | Killed Pikel
  4742 | D:6      | Reached skill level 11 in Fighting
  4788 | D:6      | Noticed Natasha
  4793 | D:6      | Killed Natasha
  4838 | D:6      | Upgraded the game from 0.16.1-7-g2c6721e to 0.16.1-11-g651b585
  4955 | D:6      | Noticed Blork the orc
  4966 | D:6      | Killed Blork the orc
  4966 | D:6      | Reached XP level 9. HP: 90/90 MP: 4/4
  5037 | D:6      | Reached skill level 12 in Fighting
  5304 | D:6      | Received a gift from Trog
  5894 | D:7      | Found a staircase to the Ecumenical Temple.
  5931 | Temple   | Entered the Ecumenical Temple
  6080 | D:7      | Reached skill level 13 in Fighting
  6091 | D:7      | Reached skill level 10 in Axes
  6738 | D:7      | Received a gift from Trog
  7376 | D:8      | Reached XP level 10. HP: 102/102 MP: 4/4
  7406 | D:8      | Reached skill level 14 in Fighting
  7442 | D:8      | Noticed a two-headed hydra
  7446 | D:8      | Killed a four-headed hydra
  8346 | D:9      | Found a white marble altar of Elyvilon.
  8491 | D:9      | Reached skill level 15 in Fighting
  9028 | D:9      | Received a gift from Trog
  9256 | D:10     | Entered Level 10 of the Dungeon
  9260 | D:10     | Reached XP level 11. HP: 114/114 MP: 4/4
  9293 | D:10     | Reached skill level 1 in Crossbows
  9293 | D:10     | Reached skill level 16 in Fighting
  9300 | D:10     | Found a staircase to the Lair.
  9466 | D:10     | Found Shrodgho's Jewellery Boutique.
  9468 | D:10     | Noticed Nergalle
  9475 | D:10     | Killed Nergalle
  9670 | D:10     | Noticed a hill giant
  9678 | D:10     | Killed a hill giant
  9949 | D:10     | Noticed Maurice
  9959 | D:10     | Killed Maurice
 10168 | Lair:1   | Entered Level 1 of the Lair of Beasts
 10329 | Lair:1   | Received a gift from Trog
 11390 | Lair:2   | Reached skill level 17 in Fighting
 11466 | Lair:2   | Noticed a six-headed hydra
 11475 | Lair:2   | Killed a 11-headed hydra
 11475 | Lair:2   | Reached skill level 5 in Crossbows
 12231 | Lair:2   | Noticed Harold
 12253 | Lair:2   | HP: 4/117 [wyvern (14)]
 12260 | Lair:3   | HP: 5/117 [iguana (2)]
 12737 | Lair:2   | Reached XP level 12. HP: 118/125 MP: 5/5
 13077 | Lair:2   | Killed Harold
 13447 | Lair:3   | Received a gift from Trog
 13555 | Lair:3   | Noticed Gastronok
 13568 | Lair:3   | Killed Gastronok
 13568 | Lair:3   | Reached skill level 5 in Armour
 13775 | Lair:3   | Reached skill level 5 in Dodging
 14090 | Lair:3   | Found a hole to the Spider Nest.
 14629 | Spider:1 | Entered Level 1 of the Spider Nest
 14919 | Lair:3   | Received a gift from Trog
 15149 | Lair:4   | Reached XP level 13. HP: 133/133 MP: 5/5
 15153 | Lair:4   | Reached skill level 15 in Axes
 15299 | Lair:4   | Received a gift from Trog
 15349 | Lair:4   | Identified a scroll of acquirement
 15379 | Lair:4   | Found a deep blue altar of Sif Muna.
 15396 | Lair:4   | Received a gift from Trog
 15562 | Lair:4   | Noticed a six-headed hydra
 15570 | Lair:4   | Killed a nine-headed hydra
 15570 | Lair:4   | Received a gift from Trog
 15899 | Lair:4   | Got a faintly humming leather armour
 15910 | Lair:4   | Identified the +0 leather armour of Patterns {rN+ Str+2 Int-5} (You found it on level 4 of the Lair of Beasts)
 15910 | Lair:4   | Lost intelligence.
 17304 | Lair:5   | Found a staircase to the Shoals.
 17764 | Lair:6   | Noticed Snorg
 17770 | Lair:6   | Killed Snorg
 17916 | Lair:6   | Received a gift from Trog
 18084 | Lair:6   | Found a viscous altar of Jiyva.
 18085 | Lair:6   | Found a staircase to the Slime Pits.
 19925 | Lair:6   | Reached XP level 14. HP: 130/140 MP: 5/5
 20078 | Lair:7   | Received a gift from Trog
 20368 | Lair:7   | Reached skill level 10 in Armour
 20835 | Lair:7   | Reached skill level 18 in Axes
 21510 | Lair:8   | Entered Level 8 of the Lair of Beasts
 21735 | Lair:8   | Received a gift from Trog
 22440 | Lair:8   | Reached skill level 19 in Axes
 22994 | Lair:8   | Received a gift from Trog
 23025 | Lair:8   | Got a faintly glowing battleaxe {god gift}
 23026 | Lair:8   | Identified the +3 battleaxe of Shrieking Terror {freeze, +Blink rElec rC+ MR+ Str-3} (Trog gifted it to you on level 8 of the Lair of Beasts)
 23031 | Lair:8   | Got a coiled ivory ring
 23036 | Lair:8   | Identified the ring of Igabutt {Ice +Fly rElec MP+9 Str-5} (You found it on level 8 of the Lair of Beasts)
 23478 | Lair:8   | Found an iron altar of Okawaru.
 24474 | Spider:1 | Reached XP level 15. HP: 98/147 MP: 6/6
 24644 | Spider:1 | Received a gift from Trog
 25479 | Spider:2 | Noticed Louise
 25506 | Spider:2 | Killed Louise
 25506 | Spider:2 | Reached skill level 10 in Crossbows
 26950 | Spider:3 | Received a gift from Trog
 27674 | Spider:3 | Received a gift from Trog
 27708 | Spider:3 | Reached skill level 20 in Axes
 28307 | Spider:4 | Received a gift from Trog
 28347 | Spider:4 | Got a transparent long sword
 28348 | Spider:4 | Lost intelligence.
 28348 | Spider:4 | Identified the +9 long sword "Ojidweib" {slice, rN+ Int-4 Dex+4 Stlth+} (You found it on level 4 of the Spider Nest)
 28759 | Spider:4 | Received a gift from Trog
 29587 | Spider:5 | Entered Level 5 of the Spider Nest
 29843 | Spider:5 | Noticed Asterion
 30323 | Spider:5 | Noticed Donald
 30331 | Spider:5 | Killed Donald
 30449 | Spider:5 | Reached XP level 16. HP: 152/155 MP: 6/6
 30747 | Spider:5 | Received a gift from Trog
 31460 | Spider:5 | Got a gossamer rune of Zot
 31863 | Spider:5 | Noticed a spectral weapon
 31867 | Spider:5 | Killed a spectral weapon
 31871 | Spider:5 | Killed Asterion
 32108 | Spider:5 | Received a gift from Trog
 32841 | D:10     | Bought the ring of Disaster {Contam rElec Slay+4 Stlth-} for 490 gold pieces
 32970 | D:6      | Bought a scroll of identify for 24 gold pieces
 32970 | D:6      | Bought a potion of might for 48 gold pieces
 32970 | D:6      | Bought a meat ration for 60 gold pieces
 33306 | Slime:1  | Entered Level 1 of the Pits of Slime
 33306 | Slime:1  | Noticed an acid blob
 33313 | Slime:1  | Noticed an acid blob
 33313 | Slime:1  | Killed an acid blob
 33314 | Slime:1  | Noticed an acid blob
 33316 | Slime:1  | Received a gift from Trog
 33321 | Slime:1  | Killed an acid blob
 33323 | Slime:1  | Killed an acid blob
 33543 | Slime:1  | Reached skill level 21 in Axes
 33632 | Slime:1  | Noticed an acid blob
 33647 | Slime:1  | Killed an acid blob
 34049 | Slime:2  | Noticed an acid blob
 34058 | Slime:2  | Killed an acid blob
 34146 | Slime:2  | Noticed an acid blob
 34152 | Slime:2  | Reached skill level 15 in Crossbows
 34158 | Slime:2  | Killed an acid blob
 34727 | Slime:2  | Noticed an acid blob
 34736 | Slime:2  | Killed an acid blob
 34736 | Slime:2  | Reached XP level 17. HP: 137/162 MP: 6/6
 35312 | Slime:3  | Reached skill level 15 in Armour
 35529 | Slime:3  | Gained mutation: You heal slowly when monsters are visible. [a shining eye]
 35761 | Slime:4  | Received a gift from Trog
 37072 | Slime:5  | Gained mutation: You are clumsy. (Dex -2) [a shining eye]
 37403 | Slime:5  | Lost mutation: You heal slowly when monsters are visible. [a shining eye]
 37418 | Slime:5  | Received a gift from Trog
 37431 | Slime:6  | Entered Level 6 of the Pits of Slime
 37478 | Slime:5  | HP: 7/162 [azure jelly (7)]
 37478 | Slime:5  | Slain by an azure jelly

Action                   |  1- 3 |  4- 6 |  7- 9 | 10-12 | 13-15 | 16-18 || total
-------------------------+-------+-------+-------+-------+-------+-------++-------
Melee: Hand axe          |    77 |       |       |       |       |       ||    77
       War axe           |     8 |   139 |   115 |       |       |       ||   262
       Whip              |       |       |    70 |       |       |       ||    70
       Battleaxe         |       |       |    78 |    85 |   239 |   144 ||   546
       Executioner's axe |       |       |    29 |   319 |   488 |   365 ||  1201
       Unarmed           |       |       |       |       |    19 |     2 ||    21
 Fire: Arbalest          |       |       |       |     9 |       |       ||     9
       Triple crossbow   |       |       |       |       |   261 |    31 ||   292
Invok: Berserk           |     2 |     3 |    11 |     9 |    12 |    11 ||    48
       Burn Spellbooks   |       |     1 |       |     1 |     2 |       ||     4
       Trog's Hand       |       |       |       |       |       |     5 ||     5
 Abil: Evoke Flight      |       |       |       |     1 |       |       ||     1
Evoke: Wand              |       |       |       |     5 |     3 |       ||     8
  Use: Scroll            |       |     1 |    11 |    12 |    21 |     3 ||    48
       Potion            |       |       |     9 |     2 |     3 |     5 ||    19
 Stab: Petrified         |       |       |       |       |     5 |       ||     5
  Eat: Chunk             |     3 |     9 |    14 |    23 |    14 |     3 ||    66
       Fruit             |       |     1 |     2 |       |     9 |     3 ||    15
       Bread ration      |       |       |     2 |       |     5 |       ||     7
       Pizza             |       |       |     1 |     7 |       |       ||     8
       Meat ration       |       |       |       |       |     4 |     6 ||    10
